 Dungeon Crawl Stone Soup version 0.31-a0-237-g2d982f9f85 (webtiles) character file.

Game seed: 4507390324332982378

9 qw the Shooter (level 2, -3/23 HPs)
             Began as a Minotaur Hexslinger on July 10, 2023.
             Slain by a gnoll
             ... wielding a +0 club
              (5 damage)
             ... on level 1 of the Dungeon.
             The game lasted 00:00:05 (167 turns).

qw the Shooter (Minotaur Hexslinger)                 Turns: 167, Time: 00:00:06

Health: -3/23      AC:  2    Str: 12    XL:     2   Next: 3%
Magic:  2/2        EV: 12    Int: 10    God:
Gold:   6          SH:  0    Dex: 12    Spells: 2/3 levels left

rFire   . . .        a - +1 sling
rCold   . . .        (no shield)
rNeg    . . .        c - +0 robe
rPois   .            (helmet restricted)
rElec   .            (no cloak)
rCorr   .            (no gloves)
SInv    .            (no boots)
Will    .....        (no amulet)
Stlth   +            (no ring)
HPRegen 0.23/turn    (no ring)
MPRegen 0.08/turn

%: no passive effects
@: no status effects
A: horns 2, retaliatory headbutt
a: no special abilities


You were on level 1 of the Dungeon.
You visited 1 branch of the dungeon, and saw 1 of its levels.

You collected 6 gold pieces.


Innate Abilities, Weirdness & Mutations

You have a pair of horns on your head.
You reflexively headbutt those who attack you in melee.


   Skills:
 + Level 1.4 Fighting
 - Level 3.0 Ranged Weapons
 - Level 2.1 Dodging
 - Level 1.0 Spellcasting
 - Level 2.0 Hexes


You had 2 spell levels left.
You knew the following spells:

 Your Spells              Type           Power      Damage    Failure   Level
a - Slow                  Hex            16%        N/A       16%         1

Your spell library contained the following spells:

 Spells                   Type           Power      Damage    Failure   Level
 Inner Flame              Hex/Fire       2%         N/A       56%         3
 Portal Projectile        Hex/Tloc       4%         N/A       56%         3
 Cause Fear               Hex            2%         N/A       83%         4

Inventory:

Hand Weapons
 a - a +1 sling (weapon)
Armour
 c - a +0 robe (worn)
Jewellery
 f - a ring of fire
Scrolls
 b - a scroll of poison
 e - a scroll of noise {unknown}
Potions
 d - a potion of haste {unknown}

Dungeon Overview and Level Annotations

Branches:
Dungeon (1/15)

Altars:


Message History

The gnoll shouts!
The sling bullet hits the plant but does no damage.
You shoot a sling bullet. The sling bullet hits the hobgoblin.
The hobgoblin is almost dead.
Something hits the plant.
The plant begins to die.
The hobgoblin hits you but does no damage.
You shoot a sling bullet.
The sling bullet hits the hobgoblin but does no damage.
The hobgoblin is almost dead.
A bat comes into view.
A hobgoblin comes into view.
The hobgoblin hits you.
You shoot a sling bullet.
The sling bullet closely misses the hobgoblin.
The sling bullet hits the plant!
The plant begins to die.
The plant is lightly damaged.
The bat hits you. The hobgoblin closely misses you. You furiously retaliate!
You headbutt the hobgoblin.
You kill the hobgoblin!
The bat closely misses you.
You have reached level 2!
You shoot a sling bullet. The sling bullet barely misses the bat.
The bat hits you but does no damage. The bat barely misses you.
You shoot a sling bullet.
The sling bullet hits the gnoll but does no damage.
A nearby plant withers and dies. x2; The bat hits you but does no damage.
The gnoll hits you with a +0 club.
Something hits the plant.
The plant begins to die.
The gnoll hits you with a +0 club.
You shoot a sling bullet. The sling bullet hits the gnoll.
The gnoll is lightly wounded.
The bat misses you. The bat closely misses you.
Something hits the plant.
The gnoll hits you with a +0 club.
You shoot a sling bullet.
The sling bullet barely misses the gnoll.
The sling bullet hits the kobold.
The kobold is moderately wounded.
The bat hits you. The gnoll hits you with a +0 club.
You shoot a sling bullet.
The sling bullet barely misses the kobold.
The kobold closely misses you. The gnoll hits you with a +0 club.
You die...

..........#
..>.......#
..........###
............#
.###.######.###
##...# #...##
##.### ###..#
#..# ##.###
#.## #..@# #.#
###gK.# #.#
gb...# #.#
.P....# ..#
...PP..# .##
.....P..# .#
.P..P....# ##
.......P..#


You could see a gnoll, a hobgoblin, a bat and a kobold.

Vanquished Creatures
  An endoplasm (D:1)
  A goblin (D:1)
  A hobgoblin (D:1)
  A kobold (D:1)
  2 ball pythons (D:1)
  2 bats (D:1)
8 creatures vanquished.

Notes
Turn   | Place    | Note
-------+----------+-------------------------------------------
     0 | D:1      | qw the Minotaur Hexslinger began the quest for the Orb.
     0 | D:1      | Reached XP level 1. HP: 16/16 MP: 1/1
     0 | D:1      | 0 ||| qw: Version: 0.3-a-52-g30416fa
     0 | D:1      | 0 ||| qw: Game counter: 5323
     0 | D:1      | 0 ||| qw: Melee chars always use a shield: true
     0 | D:1      | 0 ||| qw: God list: Okawaru
     0 | D:1      | 0 ||| qw: Allow faded altars: false
     0 | D:1      | 0 ||| qw: Do Orc after clearing Dungeon:15 true
     0 | D:1      | 0 ||| qw: Do second Lair branch before Depths: true
     0 | D:1      | 0 ||| qw: Lair rune preference: random
     0 | D:1      | 0 ||| qw: Goals: Normal
     0 | D:1      | 0 ||| PLANNING D:1-11
     2 | D:1      | Noticed a naga
     2 | D:1      | Noticed a minotaur
     4 | D:1      | Noticed a vampire
     6 | D:1      | Noticed a felid
     6 | D:1      | Noticed a ghoul
     8 | D:1      | Noticed an armataur
     8 | D:1      | Noticed a demigod
    10 | D:1      | Noticed an elf
    10 | D:1      | Noticed a merfolk
    12 | D:1      | Noticed a vine stalker
    12 | D:1      | Noticed a meteoran
    14 | D:1      | Noticed an ogre
    14 | D:1      | Noticed a demonspawn
    16 | D:1      | Noticed a spriggan
    16 | D:1      | Noticed a human
    18 | D:1      | Noticed a gargoyle
    18 | D:1      | Noticed a tengu
    22 | D:1      | Noticed a formicid
    22 | D:1      | Noticed a troll
    24 | D:1      | Noticed a demigod
    24 | D:1      | Noticed an octopode
    26 | D:1      | Noticed a demonspawn
    26 | D:1      | Noticed a formicid
   114 | D:1      | Reached skill level 3 in Ranged Weapons
   163 | D:1      | Reached XP level 2. HP: 17/23 MP: 2/2
   165 | D:1      | HP: 5/23 [gnoll/+0 club (5)]
   166 | D:1      | HP: 1/23 [gnoll/+0 club (3)]
   167 | D:1      | Slain by a gnoll

Levels and vault maps discovered:
D:1:      kb_arrival_jail, layout_rooms, shapermc_ecumenical_altar_gd,
          minmay_statues_item, kennysheep_decorative_pillar,
          nicolae_grassy_gnolls

Skill      XL: |  1 |
---------------+----+-----
Ranged Weapons | 3 |  3.0
Fighting       | |  1.4
Dodging        | |  2.1
Spellcasting   | |  1.0
Hexes          | |  2.0

Action                     || total
---------------------------++-------
   Fire: Sling             ||    30
 Armour: Robe              ||     6
  Dodge: Dodged            ||    14

Table legend:
 A = Non-vault XP
 B = Vault XP
 C = Vault XP percentage of total XP
 D = Non-vault monster count
 E = Vault monster count
 F = Vault count percentage of total count
                 A         B        C        D         E       F
            +---------+---------+-------+---------+---------+-------
      Total |      13 |       0 |   0.0 |       8 |       0 |   0.0
            +---------+---------+-------+---------+---------+-------
        D:1 |      13 |       0 |   0.0 |       8 |       0 |   0.0
            +---------+---------+-------+---------+---------+-------
